 Dungeon Crawl Stone Soup version 0.31-a0-507-gbafd7f5274 (webtiles) character file.

Game seed: 15881479754339718409

289 Zonian the Sneak (level 6, 0/36 HPs)
             Began as an Octopode Venom Mage on Aug 9, 2023.
             Slain by a quokka (1 damage)
             ... on level 4 of the Dungeon on Aug 10, 2023.
             The game lasted 00:08:08 (5274 turns).

Zonian the Sneak (Octopode Venom Mage)              Turns: 5274, Time: 00:08:08

Health: 0/36       AC:  1    Str:  7    XL:     6   Next: 31%
Magic:  10/10      EV: 13    Int: 20    God:
Gold:   116        SH:  0    Dex: 12    Spells: 8/11 levels left

rFire   + . .        e - +1 dagger
rCold   . . .        (no shield)
rNeg    . . .        (helmet restricted)
rPois   .            (no amulet)
rElec   .            d - ring of protection from fire
rCorr   .            (no ring)
SInv    .            (no ring)
Will    .....        (no ring)
Stlth   ++++         (no ring)
HPRegen 0.26/turn    (no ring)
MPRegen 0.12/turn    (no ring)
                     (no ring)

%: no passive effects
@: no status effects
A: almost no armour, amphibious, 8 rings, camouflage 1, gelatinous body 1,
(nimble swimmer 1), tentacles
a: no special abilities


You were on level 4 of the Dungeon.
You visited 1 branch of the dungeon, and saw 4 of its levels.

You collected 116 gold pieces.

Inventory:

Hand Weapons
 e - a +1 dagger (weapon)
Jewellery
 d - a ring of protection from fire (left tentacle)
Scrolls
 h - a scroll of teleportation
 i - 2 scrolls of vulnerability
 l - a scroll of amnesia
Potions
 a - a potion of magic
 b - a potion of haste {unknown}
 c - 2 potions of degeneration
 f - a potion of mutation {unknown}
 g - 2 potions of attraction
 j - a potion of heal wounds {unknown}


   Skills:
 + Level 3.2 Dodging
 + Level 4.9 Stealth
 + Level 3.1 Spellcasting
 + Level 2.7 Transmutations
 + Level 4.8 Poison Magic


You had 8 spell levels left.
You knew the following spells:

 Your Spells              Type           Power      Damage    Failure   Level
a - Sting                 Tmut/Pois      72%        1d6       3%          1
b - Poisonous Vapours     Pois/Air       24%        N/A       8%          2

Your spell library contained the following spells:

 Spells                   Type           Power      Damage    Failure   Level
 Passwall                 Tmut/Erth      6%         N/A       12%         2
 Sandblast                Erth           6%         2d5       14%         1
 Olgreb's Toxic Radiance  Pois           22%        N/A       19%         4
 Mephitic Cloud           Conj/Pois/Air  9%         N/A       22%         3
 Stone Arrow              Conj/Erth      6%         3d7       38%         3


Dungeon Overview and Level Annotations

Branches:
Dungeon (4/15)
 Temple: D:4-7

Altars:


Innate Abilities, Weirdness & Mutations

You cannot wear most types of armour.
You are amphibious.
You can wear up to eight rings at the same time.
Your skin changes colour to match your surroundings (Stealth+).
Your rubbery body absorbs attacks. (AC +1, EV +1)
((You are camouflaged when in or above water. (Stealth+)))
You have tentacles for arms and can constrict up to eight enemies at once.


Message History

The ball python bites you but does no damage.
The ball python constricts you. The quokka bites you. The hobgoblin misses you.
You escape the ball python's grasp.
You miss the quokka. Your grab misses the quokka. The quokka bites you.
The ball python bites you.
* * * LOW HITPOINT WARNING * * *
The ball python misses you.
A hobgoblin comes into view.
The hobgoblin hits you.
* * * LOW HITPOINT WARNING * * *
You feel better. The quokka bites you. The ball python misses you.
The ball python closely misses you. The quokka bites you.
* * * LOW HITPOINT WARNING * * *
The hobgoblin barely misses you.
You closely miss the ball python.
The hobgoblin shouts!
You grab the ball python. You constrict the ball python.
You hear an angry buzzing noise.
The ball python misses you. The ball python closely misses you.
The quokka bites you.
* * * LOW HITPOINT WARNING * * *
The ball python misses you. The ball python grabs you.
The ball python constricts you.
You escape the ball python's grasp.
You release your grip on the ball python.
You completely miss the ball python. You grab the ball python.
The ball python is moderately wounded.
You constrict the ball python. The quokka bites you.
* * * LOW HITPOINT WARNING * * *
The ball python barely misses you. x2
A killer bee comes into view.
The hobgoblin hits you.
* * * LOW HITPOINT WARNING * * *
Okay, then.
The killer bee buzzes angrily.
You hit the ball python.
You kill the ball python!
You hear an angry hiss.
The quokka bites you.
You die...

........... ........#
.y.....# ##.....#
#......# ### #....#
.... #....# .....#gr.##
......g@## .........###
........$..### #
##...........### ####.
####..........#####....
####.........##.....
####.............
#####......... #
########.......


You could see a killer bee, a quokka and 2 hobgoblins.

Vanquished Creatures
  A hound (D:4)
  2 orc priests (D:3)
  A jelly (D:4)
  An iguana (D:4)
  An orc wizard (D:3)
  2 adders
  3 worms
  2 dart slugs (D:1)
  10 orcs
  7 ball pythons
  9 bats
  7 endoplasms
  A giant cockroach (D:2)
  11 goblins
  6 hobgoblins
  4 jackals (D:2)
  2 quokkas
  4 frilled lizards
  5 kobolds
  4 rats
83 creatures vanquished.

Notes
Turn   | Place    | Note
-------+----------+-------------------------------------------
     0 | D:1      | Zonian the Octopode Venom Mage began the quest for the Orb.
     0 | D:1      | Reached XP level 1. HP: 11/11 MP: 3/3
   661 | D:1      | Reached XP level 2. HP: 17/17 MP: 3/5
  1003 | D:1      | Learned a level 2 spell: Poisonous Vapours
  1099 | D:1      | Reached XP level 3. HP: 15/21 MP: 6/6
  1487 | D:1      | Found a faded altar of an unknown god.
  2328 | D:2      | Reached XP level 4. HP: 27/27 MP: 7/7
  3541 | D:3      | Reached XP level 5. HP: 31/31 MP: 7/9
  4768 | D:4      | Reached XP level 6. HP: 34/36 MP: 10/10
  5273 | D:4      | HP: 1/36 [hobgoblin (3)]
  5274 | D:4      | Slain by a quokka

Illustrated notes

Levels and vault maps discovered:
D:1:      sevenhm_arrival_forest_fort_small_5, layout_basic,
          ebering_ecumenical_altar_webs
D:2:      layout_rooms
D:3:      layout_rooms, chequers_jeans
D:4:      layout_cave_pods, minivault_26

Skill      XL: |  1  2  3  4  5 |
---------------+----------------+-----
Stealth        | 3 4 |  4.9
Poison Magic   | 4 |  4.8
Transmutations | 2 |  2.7
Dodging        | 3 |  3.2
Spellcasting   | 3 |  3.1

Action                     |  1- 3 |  4- 6 || total
---------------------------+-------+-------++-------
  Melee: Unarmed           |    10 |       ||    10
         Constrict         |    21 |    22 ||    43
         Tentacles         |    19 |    21 ||    40
         Dagger            |    70 |    94 ||   164
         Punch             |       |     2 ||     2
   Cast: Sting             |    21 |    35 ||    56
    Use: Scroll            |       |    10 ||    10
         Potion            |       |     3 ||     3
   Stab: Sleeping          |     4 |     6 ||    10
         Distracted        |       |     1 ||     1
 Armour: Skin              |     8 |     6 ||    14
  Dodge: Dodged            |    58 |    77 ||   135

Table legend: (Time is in decaauts)
 A = Elapsed time spent in this place.
 B = Non-inter-level travel time spent in this place.
 C = Inter-level travel time spent in this place.
 D = Time resting spent in this place.
 E = Time spent auto-exploring this place.
 F = Levels seen in this place.
 G = Mean time per level.
                   A        B        C        D        E       F      G
               +--------+--------+--------+--------+--------+-----+--------+
         Total |   5282 |   5180 |    102 |   2755 |   1695 |   4 | 1320.5 |
       Dungeon |   5282 |   5180 |    102 |   2755 |   1695 |   4 | 1320.5 |
               +--------+--------+--------+--------+--------+-----+--------+

Top non-repeatable levels by time:
     D:3: 1898 daAuts
     D:1: 1658 daAuts
     D:2: 1155 daAuts
     D:4: 569 daAuts
